 Dungeon Crawl Stone Soup version 0.31.0-9-g3a7656b989 (webtiles) character file.

Game seed: 10626000289433040272

69 qw the Shooter (level 4, -1/22 HPs)
             Began as a Spriggan Hunter on Feb 2, 2024.
             Incinerated by a bombardier beetle (6 damage)
             ... with a burning spray
             ... on level 2 of the Dungeon.
             The game lasted 00:00:01 (757 turns).

qw the Shooter (Spriggan Hunter)                     Turns: 757, Time: 00:00:02

Health: -1/22      AC:  2    Str:  7    XL:     4   Next: 2%
Magic:  5/5        EV: 19    Int: 10    God:
Gold:   43         SH:  0    Dex: 20    Spells: 3/3 levels left

rFire   . . .        a - +0 shortbow
rCold   . . .        (shield currently unavailable)
rNeg    . . .        c - +0 robe
rPois   .            (helmet restricted)
rElec   .            (no cloak)
rCorr   .            (gloves unavailable)
SInv    +            (boots unavailable)
Will    .....        (no amulet)
Stlth   +            (no ring)
HPRegen 0.23/turn    (no ring)
MPRegen 0.09/turn

%: no passive effects
@: on fire, glowing, very quick
A: very small, no large weapons, unfitting armour, see invisible, speed 3
a: no special abilities


You were on level 2 of the Dungeon.
You visited 1 branch of the dungeon, and saw 2 of its levels.

You collected 43 gold pieces.


Innate Abilities, Weirdness & Mutations

You are very small and have problems with some larger weapons.
You are too small for most types of armour.
You have supernaturally acute eyesight. (SInv)
You cover ground extremely quickly. (Speed+++)


   Skills:
 - Level 1.5 Fighting
 - Level 5.0 Ranged Weapons
 + Level 4.3 Dodging
 - Level 1.5 Stealth


You had 3 spell levels left.
You didn't know any spells.
Your spell library was empty.

Inventory:

Hand Weapons
 a - a +0 shortbow (weapon)
Armour
 c - a +0 robe (worn)
Scrolls
 d - a scroll of teleportation {unknown}
Potions
 b - 2 potions of resistance {unknown}
 e - 2 potions of enlightenment
 h - a potion of mutation

Dungeon Overview and Level Annotations

Branches:
Dungeon (2/15)

Altars:
Kikubaaqudgha

Shops:
D:1 (


Message History

You shoot an arrow.
The arrow hits the bombardier beetle but does no damage.
The bombardier beetle is lightly wounded.
You shoot an arrow.
The arrow completely misses the bombardier beetle.
You shoot an arrow.
The arrow barely misses the bombardier beetle.
You shoot an arrow.
The arrow hits the bombardier beetle but does no damage.
The bombardier beetle is lightly wounded.
The bombardier beetle sprays incendiary fluid at you.
The burning spray misses you.
You shoot an arrow.
The arrow hits the bombardier beetle but does no damage.
The bombardier beetle is lightly wounded.
You shoot an arrow. The arrow hits the bombardier beetle!
The bombardier beetle is heavily wounded.
You shoot an arrow. The arrow hits the bombardier beetle.
The bombardier beetle is severely wounded.
You shoot an arrow.
The arrow barely misses the bombardier beetle.
The bombardier beetle sprays incendiary fluid at you.
The burning spray hits you.
You are covered in liquid fire!
You shoot an arrow.
The arrow hits the bombardier beetle but does no damage.
The bombardier beetle is severely wounded.
The liquid fire burns you!
You shoot an arrow. The arrow hits the bombardier beetle!
You kill the bombardier beetle!
The liquid fire burns you!
Your Ranged Weapons skill increases to level 5!
You have reached level 4!
You are on fire!
The liquid fire burns you!
You are on fire!
The liquid fire burns you!
You are on fire!
The liquid fire burns you!
You die...

#####...#.....#.#
##...#.....#.#
#....#.......#
##.<.#.###.###
#.###........
#.#...###.###
#.#.#.# +.#.#.#
+.#@#.# #.#%#.#
#.#.#.. #.+..##
##. .# .# ..


There were no monsters in sight!

Vanquished Creatures
  A bombardier beetle (D:2)
  A gnoll (D:1)
  4 ball pythons (D:1)
  2 endoplasms (D:1)
  2 giant cockroaches
  A hobgoblin (D:1)
  2 jackals (D:1)
  2 kobolds (D:1)
  4 bats (D:1)
  2 frilled lizards (D:1)
  A rat (D:1)
22 creatures vanquished.

Notes
Turn   | Place    | Note
-------+----------+-------------------------------------------
     0 | D:1      | qw the Spriggan Hunter began the quest for the Orb.
     0 | D:1      | Reached XP level 1. HP: 10/10 MP: 2/2
     0 | D:1      | 0 ||| qw: Version: 0.3-a-155-g5e7d8dd
     0 | D:1      | 0 ||| qw: Game counter: 1716
     0 | D:1      | 0 ||| qw: Melee chars always use a shield: true
     0 | D:1      | 0 ||| qw: God list: Okawaru
     0 | D:1      | 0 ||| qw: Allow faded altars: false
     0 | D:1      | 0 ||| qw: Do Orc after clearing Dungeon:15 true
     0 | D:1      | 0 ||| qw: Do second Lair branch before Depths: true
     0 | D:1      | 0 ||| qw: Lair rune preference: random
     0 | D:1      | 0 ||| qw: Goals: Normal
     0 | D:1      | 0 ||| PLANNING D:1-11
   158 | D:1      | Reached skill level 3 in Dodging
   272 | D:1      | Reached XP level 2. HP: 14/14 MP: 3/3
   448 | D:1      | Reached XP level 3. HP: 18/18 MP: 4/4
   455 | D:1      | Found Hacrism's Antique Weapon Emporium.
   462 | D:1      | 462 ||| SHOPLISTING glowing sling (148 gold, have 21).
   680 | D:1      | 680 ||| READING scroll labelled NAICKA GISU.
   681 | D:1      | 681 ||| READING 3 scrolls labelled ZAK UBRIGUP.
   681 | D:1      | 681 ||| IDENTIFYING lumpy blue potion
   682 | D:1      | 682 ||| READING 2 scrolls of identify.
   682 | D:1      | 682 ||| IDENTIFYING 2 sedimented brown potions
   683 | D:1      | 683 ||| READING scroll of identify.
   683 | D:1      | 683 ||| IDENTIFYING 3 orange potions
   684 | D:1      | 684 ||| DROPPING scroll of butterflies.
   685 | D:1      | 685 ||| DROPPING 3 potions of attraction.
   728 | D:2      | Found an ancient bone altar of Kikubaaqudgha.
   755 | D:2      | Reached skill level 5 in Ranged Weapons
   755 | D:2      | Reached XP level 4. HP: 11/22 MP: 5/5
   756 | D:2      | HP: 5/22 [burnt (2)]
   757 | D:2      | Incinerated by a bombardier beetle

Levels and vault maps discovered:
D:1:      nzn_arrival_crosshair, layout_loops_ring, serial_shops,
          nicolae_shop_tiny_statue_garden, st_stairs_10
D:2:      layout_basic, basic_altar, st_stairs_7, kennysheep_big_empty_room,
          nicolae_titane

Skill      XL: |  1  2  3 |
---------------+----------+-----
Dodging        | 3 4 |  4.3
Ranged Weapons | 5 |  5.0
Fighting       | |  1.5
Stealth        | |  1.5

Action                     |  1- 3 |  4- 6 || total
---------------------------+-------+-------++-------
   Fire: Shortbow          |    64 |       ||    64
    Use: Scroll            |     4 |       ||     4
 Armour: Robe              |     4 |       ||     4
  Dodge: Dodged            |    16 |       ||    16

Table legend:
 A = Non-vault XP
 B = Vault XP
 C = Vault XP percentage of total XP
 D = Non-vault monster count
 E = Vault monster count
 F = Vault count percentage of total count
                 A         B        C        D         E       F
            +---------+---------+-------+---------+---------+-------
      Total |      93 |       6 |   6.1 |      18 |       4 |  18.2
            +---------+---------+-------+---------+---------+-------
        D:1 |      37 |       6 |  14.0 |      16 |       4 |  20.0
        D:2 |      56 |       0 |   0.0 |       2 |       0 |   0.0
            +---------+---------+-------+---------+---------+-------
